 Dungeon Crawl Stone Soup version 0.26-a0-812-g31a745ddcd (webtiles) character file.

Game seed: 595913073167720644

76 proaralyst the Poker (level 4, -2/41 HPs)
             Began as a Minotaur Berserker on Dec 3, 2020.
             Was a Believer of Trog.
             Slain by Grinder (6 damage)
             ... on level 3 of the Dungeon.
             The game lasted 00:17:46 (2030 turns).

proaralyst the Poker (Minotaur Berserker)           Turns: 2030, Time: 00:17:46

Health: -2/41      AC: 13    Str: 23    XL:     4   Next: 12%
Magic:  3/3        EV:  7    Int:  4    God:    Trog [**....]
Gold:   81         SH:  0    Dex:  9    Spells: 3/3 levels left

rFire    . . .     SeeInvis .   k - -3 mace (curse)
rCold    . . .     Faith    .   (no shield)
rNeg     . . .     Spirit   .   v - +0 plate armour
rPois    .         Reflect  .   (helmet restricted)
rElec    .         Harm     .   (no cloak)
rCorr    .         Rampage  .   f - +0 pair of gloves
MR       .....                  b - +0 pair of boots
Stlth    ..........             (no amulet)
HPRegen  0.13/turn              (no ring)
MPRegen  0.08/turn              (no ring)

@: berserk cooldown
A: retaliatory headbutt, horns 2
a: Berserk, Trog's Hand, Renounce Religion


You were on level 3 of the Dungeon.
You worshipped Trog.
Trog was pleased with you.
You visited 1 branch of the dungeon, and saw 3 of its levels.

You collected 81 gold pieces.

Inventory:

Hand Weapons
 a - a +0 spear
 k - a cursed -3 mace (weapon)
 l - a +0 dagger
 n - a +0 hunting sling
Missiles
 c - 79 stones (quivered)
 p - 4 boomerangs
 q - 61 arrows
Armour
 b - a +0 pair of boots (worn)
 f - a +0 pair of gloves (worn)
 r - a +1 pair of boots
 v - a +0 plate armour (worn)
Scrolls
 d - a scroll of amnesia {unknown}
 h - a scroll of enchant armour {unknown}
 m - a scroll of identify {unknown}
 o - a scroll of teleportation {unknown}
 s - a scroll of random uselessness {unknown}
 u - a scroll of enchant weapon {unknown}
 x - a scroll of remove curse {unknown}
Potions
 e - 2 potions of attraction {unknown}
 g - a potion of lignification {unknown}
 i - a potion of invisibility {unknown}
 j - a potion of haste {unknown}
 t - a potion of degeneration {unknown}
 w - a potion of berserk rage {unknown}


   Skills:
 + Level 4.3 Fighting
 + Level 4.6 Polearms
 + Level 1.3 Throwing
 + Level 2.9 Armour
 + Level 2.6 Dodging
 + Level 0.1 Stealth


You had 3 spell levels left.
You didn't know any spells.
Your spell library was empty.

Dungeon Overview and Level Annotations

Branches:
Dungeon (3/15)

Altars:

Annotations:
D:3 Grinder


Innate Abilities, Weirdness & Mutations

You reflexively headbutt those who attack you in melee.
You have a pair of horns on your head.


Message History

Grinder blinks!
You see here a giant cockroach corpse.
You feel your anger nearly subside.
You are no longer berserk.
You are exhausted.
You feel yourself slow down.
Grinder blinks!
You see here a thick runed staff.
Grinder barely misses you. Grinder barely misses you.
Grinder closely misses you. You furiously retaliate!
You headbutt Grinder.
Grinder blinks!
Grinder gestures at you. Pain shoots through your body!
* * * LOW HITPOINT WARNING * * *
You feel yourself speed up. Grinder hits you.
* * * LOW HITPOINT WARNING * * *
You writhe in agony.
You die...

#.#####......
#.....#...#
#.†##.#|..#
#.........#
#...####..#
#.....§...#
#....###.##
#..#..##.#####
####..5@.....#
##.##.###.# #..#.#
#..#.# #..#.# ..
#....###.#
#......#.#
###..#.#.#
########
#..#.#.####......#


You could see Grinder.

Vanquished Creatures
  An adder (D:2)
  A worm (D:3)
  3 dart slugs
  2 leopard geckos
  8 bats
  8 giant cockroaches
  10 goblins
  5 hobgoblins
  5 frilled lizards
  5 kobolds
  6 rats
54 creatures vanquished.

Notes
Turn   | Place    | Note
-------+----------+-------------------------------------------
     0 | D:1      | proaralyst the Minotaur Berserker began the quest for the
                  | Orb.
     0 | D:1      | Reached XP level 1. HP: 19/19 MP: 0/0
   114 | D:1      | Reached XP level 2. HP: 25/27 MP: 1/1
   926 | D:1      | Reached XP level 3. HP: 33/33 MP: 2/2
   953 | D:1      | Reached ** piety under Trog
  1638 | D:2      | Reached skill level 1 in Throwing
  1695 | D:2      | Reached XP level 4. HP: 41/41 MP: 3/3
  1993 | D:3      | Noticed Grinder
  2030 | D:3      | Slain by Grinder

Illustrated notes

Levels and vault maps discovered:
D:1:      scummos_arrival_hexagon, layout_basic, minmay_worlds_worst_comb
D:2:      layout_basic
D:3:      layout_basic, led_sif_pool, corexii_hall_statues_i,
          roderic_serpentine_path, kennysheep_small_spiral, uniq_jessica,
          uniq_grinder

Skill      XL: |  1  2  3 |
---------------+----------+-----
Fighting       | 4 |  4.3
Polearms       | 4 |  4.6
Throwing       | 1 |  1.3
Armour         | |  2.9
Dodging        | |  2.6
Stealth        | |  0.1

Action                   |  1- 3 |  4- 6 || total
-------------------------+-------+-------++-------
Melee: Spear             |   111 |    14 ||   125
       Headbutt          |    19 |     4 ||    23
       Mace              |       |    14 ||    14
Throw: Stone             |    61 |    13 ||    74
Invok: Berserk           |       |     1 ||     1
Armor: Animal skin       |     6 |       ||     6
       Ring mail         |    27 |       ||    27
       Plate armour      |       |    20 ||    20
Dodge: Dodged            |    57 |     8 ||    65

Table legend: (Time is in decaauts)
 A = Elapsed time spent in this place.
 B = Non-inter-level travel time spent in this place.
 C = Inter-level travel time spent in this place.
 D = Time resting spent in this place.
 E = Time spent auto-exploring this place.
 F = Levels seen in this place.
 G = Mean time per level.
                   A        B        C        D        E       F      G
               +--------+--------+--------+--------+--------+-----+--------+
         Total |   2032 |   2032 |      0 |    219 |    816 |   3 |  677.3 |
       Dungeon |   2032 |   2032 |      0 |    219 |    816 |   3 |  677.3 |
               +--------+--------+--------+--------+--------+-----+--------+

Top non-repeatable levels by time:
     D:1: 1078 daAuts
     D:2: 693 daAuts
     D:3: 260 daAuts
